 Dungeon Crawl Stone Soup version 0.24.0-13-gcf9b319 (webtiles) character file.

Game seed: 3723334416041799822, levelgen mode: deterministic

7298 ClockworkOrrery the Fighter (level 11, -2/80 HPs)
             Began as a Gargoyle Wizard on Mar 15, 2020.
             Was a High Priest of the Shining One.
             Slain by Snorg (13 damage)
             ... on level 9 of the Dungeon.
             The game lasted 00:46:18 (10481 turns).

ClockworkOrrery the Fighter (Gargoyle Wizard)      Turns: 10481, Time: 00:46:18

Health: -2/80      AC: 33    Str: 12    XL:     11   Next: 13%
Magic:  15/15      EV:  4    Int: 21    God:    the Shining One [*****.]
Gold:   308        SH:  9    Dex:  8    Spells: 16/16 levels left

rFire    + . .     SeeInvis .   g - +6 trident (protect)
rCold    + + .     Gourm    .   p - +0 shield
rNeg     + + +     Faith    .   J - +2 chain mail {rC+}
rPois    ∞         Spirit   .   n - +0 helmet
rElec    +         Reflect  .   k - scarf {rC+ rF+}
rCorr    .         Harm     .   (no gloves)
MR       .....                  I - +2 pair of boots
Stlth    ..........             j - amulet of regeneration
HPRegen  0.63/turn              B - +2 ring of protection
MPRegen  0.14/turn              b - +3 ring of slaying

@: protection aura, slowed, glowing, very slow
A: negative energy resistance 1, electricity resistance, unbreathing,
petrification resistance, rot immunity, AC +8
a: Divine Shield, Cleansing Flame, Summon Divine Warrior, Renounce Religion


You were on level 9 of the Dungeon.
You worshipped the Shining One.
The Shining One was extremely pleased with you.
You were not hungry.

You visited 2 branches of the dungeon, and saw 11 of its levels.
You also visited: Sewer and Ossuary.

You collected 420 gold pieces.
You spent 112 gold pieces at shops.

Inventory:

Hand Weapons
 g - a +6 trident of protection (weapon)
 D - a +0 dagger of speed
Missiles
 h - 375 stones (quivered)
Armour
 k - a scarf of resistance (worn)
 n - a +0 helmet (worn)
 p - a +0 shield (worn)
 I - a +2 pair of boots (worn)
 J - a +2 chain mail of cold resistance (worn)
Jewellery
 b - a +3 ring of slaying (right hand)
 j - an amulet of regeneration (around neck)
 B - a +2 ring of protection (left hand)
Wands
 t - a wand of polymorph (4)
Scrolls
 e - 8 scrolls of identify
 f - a scroll of random uselessness {unknown}
 i - 5 scrolls of remove curse
 q - 7 scrolls of teleportation
 r - 2 scrolls of magic mapping
 u - 2 scrolls of fog
 C - 4 scrolls of fear
 H - a scroll of amnesia
 N - a scroll of immolation {unknown}
Potions
 c - 10 potions of curing
 l - 5 potions of heal wounds
 m - 3 potions of lignification {unknown}
 o - a potion of agility {unknown}
 s - 3 potions of might
 v - 3 potions of flight {unknown}
 w - a potion of cancellation {unknown}
 x - a potion of magic {unknown}
 z - a potion of invisibility {unknown}
 A - 3 potions of haste {unknown}
 G - a potion of ambrosia {unknown}
Comestibles
 a - 6 chunks of flesh
 d - 16 rations


   Skills:
 * Level 14.9 Fighting
 + Level 6.3 Armour
 - Level 1.5 Dodging
 - Level 2.1 Stealth
 + Level 6.3 Shields
 + Level 3.2 Spellcasting
   Level 1.1 Conjurations
   Level 0.8 Summonings
   Level 0.8 Translocations
 + Level 1.2 Invocations


You had 16 spell levels left.
You didn't know any spells.
Your spell library contained the following spells:

 Spells                   Type           Power        Failure   Level  Hunger
 Magic Dart               Conj           #...         100%        1    None
 Blink                    Tloc           N/A          100%        2    ##.....
 Call Imp                 Summ           #.......     100%        2    ##.....
 Slow                     Hex            #.......     100%        2    ##.....
 Conjure Flame            Conj/Fire      #.......     100%        3    ###....
 Mephitic Cloud           Conj/Pois/Air  #.......     100%        3    ###....


Dungeon Overview and Level Annotations

Branches:
Dungeon (10/15)            Temple (1/1) D:5            Lair (0/6) D:10
    Orc (0/2) D:9           Sewer (visited)         Ossuary (visited)

Altars:
Ashenzari
Cheibriados
Dithmenos
Elyvilon
Fedhas
Gozag
Hepliaklqana
Kikubaaqudgha
Makhleb
Nemelex Xobeh
Okawaru
Qazlal
Ru
Sif Muna
Trog
Uskayaw
Vehumet
Wu Jian
Xom
Yredelemnul
Zin
The Shining One
Beogh

Shops:
D:4 !   D:7 *

Annotations:
D:9 Snorg


Innate Abilities, Weirdness & Mutations

You are resistant to torment.
Your stone body is resilient. (AC +8)
You are immune to poison.
You resist negative energy. (rN+)
You are resistant to electric shocks. (rElec)
You can survive without breathing.
You are immune to petrification.
You are immune to rotting.


Message History

Snorg bites you but does no damage. Snorg claws you but does no damage.
Snorg claws you!
You hit the wraith.
The wraith is heavily damaged.
You block Snorg's attack. Snorg barely misses you.
Snorg claws you but does no damage.
The crimson imp hits you but does no damage.
Snorg bites you but does no damage. Snorg claws you! Snorg barely misses you.
The wraith hits you but does no damage. You block the crimson imp's attack.
Snorg bites you!
* * * LOW HITPOINT WARNING * * *
Snorg claws you but does no damage. x2; The wraith hits you.
* * * LOW HITPOINT WARNING * * *
The wraith drains your vigour!
You feel as though you will be slow longer.
Snorg barely misses you. Snorg claws you but does no damage.
You block Snorg's attack. The crimson imp barely misses you.
The wraith hits you but does no damage. You block Snorg's attack.
Snorg claws you!
You die...

#......##..#....
##.###.....##...
#..###....#....
#...#..........
###.......#....
####......########
#.........## ##.
##T...##<[)[## ##..
#>@....)[[)..###..[
#5W......##..#.....
####......####(......
#..#.................
#####....................
#...##...................
##....#...................
#.....................#...
##........................


You could see Snorg (berserk), a wraith and a crimson imp.

Vanquished Creatures
  A two-headed ogre (D:8)
  The ghost of Cheops the Ducker, a novice DsMo (D:5)
  Grinder (D:6)
  Sigmund (D:2)
  A wyvern (D:8)
  3 yaks (D:9)
  A human (D:7)
  4 hogs (D:7)
  Eustachio (D:4)
  6 vampire mosquitoes
  A hungry ghost (D:8)
  Menkaure (Ossuary)
  3 ice beasts
  A sky beast (D:7)
  A black bear (D:8)
  2 orc warriors
  2 phantoms
  3 ogres
  5 centaurs
  A bullfrog (D:7)
  A gnoll sergeant (D:8)
  3 scorpions
  4 wights (D:9)
  6 killer bees
  2 bullfrog zombies (D:7)
  2 howler monkeys
  2 crimson imps
  4 hounds
  6 orc priests
  A bullfrog skeleton (D:7)
  11 orc wizards
  2 centaur skeletons (D:4)
  An iguana (D:4)
  4 worker ants
  A killer bee zombie (D:9)
  A hound zombie (D:9)
  3 mummies (Ossuary)
  A howler monkey zombie (D:9)
  A worker ant zombie (D:5)
  Robin (D:4)
  9 adders
  4 gnolls
  A shadow imp (D:8)
  An ooze (D:2)
  4 adder skeletons
  3 worms
  4 dart slugs
  3 leopard geckos
  76 orcs
  5 bats
  4 giant cockroaches
  11 goblins
  11 hobgoblins
  10 jackals
  6 quokkas
  3 ball pythons (Sewer)
  8 frilled lizards
  5 gnoll skeletons (Ossuary)
  5 gnoll zombies (Ossuary)
  7 goblin skeletons (Ossuary)
  3 goblin zombies (Ossuary)
  5 hobgoblin skeletons (Ossuary)
  2 hobgoblin zombies (Ossuary)
  A jackal zombie (D:5)
  8 kobolds
  2 kobold skeletons (Ossuary)
  5 kobold zombies (Ossuary)
  2 leopard gecko zombies
  4 orc zombies (Ossuary)
  6 rats
  5 rat skeletons (Ossuary)
  6 rat zombies (Ossuary)
326 creatures vanquished.

Vanquished Creatures (others)
  A goblin skeleton (Ossuary)
1 creature vanquished.

Grand Total: 327 creatures vanquished

Notes
Turn   | Place    | Note
-------+----------+-------------------------------------------
     0 | D:1      | ClockworkOrrery the Gargoyle Wizard began the quest for the
                  | Orb.
     0 | D:1      | Reached XP level 1. HP: 10/10 MP: 4/4
    67 | D:1      | Reached skill level 1 in Fighting
   141 | D:1      | Reached XP level 2. HP: 17/17 MP: 3/6
   153 | D:1      | Reached skill level 2 in Fighting
   914 | D:1      | Reached skill level 3 in Fighting
   914 | D:1      | Reached XP level 3. HP: 9/23 MP: 0/7
  1220 | D:2      | Noticed Sigmund
  1256 | D:2      | Killed Sigmund
  1256 | D:2      | Reached skill level 5 in Fighting
  1256 | D:2      | Reached XP level 4. HP: 12/32 MP: 0/8
  1256 | D:2      | Reached XP level 5. HP: 13/36 MP: 0/9
  1336 | D:2      | Reached skill level 6 in Fighting
  1528 | D:2      | Reached XP level 6. HP: 36/41 MP: 7/10
  1861 | D:2      | You fall into a shaft and drop 1 floor!
  1942 | D:3      | Found a glowing drain.
  2042 | Sewer    | Entered a sewer
  2149 | Sewer    | Noticed Purgy
  2186 | Sewer    | HP: 2/42 [Purgy (5)]
  2766 | D:4      | Noticed Eustachio
  2782 | D:4      | Reached skill level 7 in Fighting
  2857 | D:4      | Killed Eustachio
  2857 | D:4      | Reached XP level 7. HP: 23/48 MP: 11/11
  3052 | D:4      | Reached skill level 8 in Fighting
  3366 | D:4      | Found Avany's Distillery.
  3374 | D:4      | Bought a potion of curing for 42 gold pieces
  3374 | D:4      | Bought a potion of heal wounds for 70 gold pieces
  3560 | D:4      | Noticed Robin
  3563 | D:4      | Killed Robin
  3801 | D:4      | Found a blossoming altar of Fedhas.
  3867 | D:4      | Reached skill level 9 in Fighting
  4132 | D:5      | Entered Level 5 of the Dungeon
  4132 | D:5      | Found a staircase to the Ecumenical Temple.
  4139 | Temple   | Entered the Ecumenical Temple
  4414 | Temple   | Became a worshipper of the Shining One
  4479 | D:5      | Reached XP level 8. HP: 9/56 MP: 12/12
  4720 | D:5      | Found a large runed translucent door.
  4721 | D:5      | Found a large runed translucent door.
  4782 | D:5      | Reached skill level 10 in Fighting
  5025 | D:5      | Found a burning altar of Makhleb.
  5126 | D:5      | Noticed Cheops's ghost (novice DsMo)
  5309 | D:5      | Killed Cheops's ghost
  5309 | D:5      | Reached skill level 11 in Fighting
  5643 | D:6      | Found a glowing silver altar of Zin.
  5643 | D:6      | Found an ornate altar of the Wu Jian Council.
  5791 | D:6      | Reached XP level 9. HP: 65/65 MP: 13/13
  6056 | D:6      | Noticed Grinder
  6063 | D:6      | Paralysed by Grinder for 5 turns
  6082 | D:6      | Killed Grinder
  6082 | D:6      | Reached skill level 12 in Fighting
  6548 | D:7      | Reached skill level 1 in Armour
  6548 | D:7      | Reached skill level 1 in Shields
  6577 | D:7      | Reached * piety under the Shining One
  6614 | D:7      | Found a sand-covered staircase.
  6619 | Ossuary  | Entered an ossuary
  6647 | Ossuary  | Reached ** piety under the Shining One
  6748 | Ossuary  | Reached *** piety under the Shining One
  6861 | Ossuary  | Reached **** piety under the Shining One
  6901 | Ossuary  | Noticed Menkaure
  6919 | Ossuary  | Killed Menkaure
  7091 | D:7      | Reached skill level 13 in Fighting
  7318 | D:7      | Found Poest's Assorted Antiques.
  7438 | D:7      | Reached XP level 10. HP: 54/73 MP: 14/14
  7992 | D:8      | Noticed a two-headed ogre
  7992 | D:8      | Reached ***** piety under the Shining One
  8006 | D:8      | Killed a two-headed ogre
  8063 | D:8      | Found a basalt altar of Yredelemnul.
  8345 | D:8      | Found a shattered altar of Ashenzari.
  8349 | D:8      | Saw a vision of the Shoals and the Snake Pit.
  8349 | D:8      | Noticed a merfolk siren
  8349 | D:8      | Noticed an anaconda
  8349 | D:8      | Noticed a naga ritualist
  8349 | D:8      | Noticed a sea snake
  8349 | D:8      | Noticed a sea snake
  8349 | D:8      | Noticed a black mamba
  8349 | D:8      | Noticed a naga sharpshooter
  8349 | D:8      | Noticed a naga mage
  8349 | D:8      | Noticed a sea snake
  8349 | D:8      | Noticed a black mamba
  8685 | D:8      | Reached skill level 14 in Fighting
  8702 | D:8      | Found a roughly hewn altar of Beogh.
  8940 | D:8      | Reached skill level 5 in Armour
  8940 | D:8      | Reached skill level 5 in Shields
  9386 | D:9      | Reached XP level 11. HP: 80/80 MP: 15/15
  9605 | D:9      | Found a staircase to the Orcish Mines.
 10094 | D:10     | Entered Level 10 of the Dungeon
 10103 | D:10     | Noticed Snorg
 10120 | D:10     | Found a staircase to the Lair.
 10120 | D:10     | HP: 3/80 [Snorg (6)]
 10327 | D:9      | Reached skill level 1 in Invocations
 10481 | D:9      | Slain by Snorg

Levels and vault maps discovered:
D:1:      nicolae_arrival_washed_ashore, layout_basic
D:2:      layout_rooms, roderic_roman_lattice, uniq_sigmund
D:3:      layout_rooms, gup_sewer_entry_glass
D:4:      minmay_door_path, layout_loops_ring, first_ration, serial_shops, shop,
          fedhas_altar_2, uniq_eustachio, uniq_robin
D:5:      layout_rooms, makhleb_heckhound_becter, temple_fountains,
          ebering_ghost_disaster_area, minmay_fractal_squares_gapless_5
D:6:      layout_basic, amethyst_overflow_temple_binary, uniq_grinder
D:7:      layout_basic, enter_ossuary_2, serial_shops, shop, grunt_livestock
D:8:      layout_loops_corners, lemuel_doored_altar, special_room
          [special_room_orc], grunt_ashenzari_visionary
          [grunt_ashenzari_visionary_shoals, grunt_ashenzari_visionary_snake]
D:9:      layout_cave_pools, hiddenorc2_lemuel
D:10:     layout_layer_cave, lair_entry_dummy, uniq_psyche, uniq_maurice,
          uniq_snorg
Temple:   dpeg_five_rooms_temple

Skill      XL: |  1  2  3  4  5  6  7  8  9 10 11 |
---------------+----------------------------------+-----
Fighting       | 1 3 5 6 7 9 11 13 14 | 14.9
Armour         | 3 6 |  6.3
Shields        | 3 6 |  6.3
Invocations    | 1 |  1.2
Dodging        | |  1.5
Stealth        | |  2.1
Spellcasting   | |  3.2
Conjurations   | |  1.1
Summonings     | |  0.8
Translocations | |  0.8

Action                   |  1- 3 |  4- 6 |  7- 9 | 10-12 || total
-------------------------+-------+-------+-------+-------++-------
Melee: Hand axe          |    62 |   125 |       |       ||   187
       Trident           |       |   118 |   735 |   399 ||  1252
Throw: Stone             |       |     2 |     3 |       ||     5
 Cast: Magic Dart        |    52 |    42 |       |       ||    94
  Use: Scroll            |     2 |     7 |     3 |     9 ||    21
 Stab: Sleeping          |       |     1 |       |       ||     1
  Eat: Chunk             |     1 |     5 |    14 |     8 ||    28
       Ration            |       |       |     1 |     3 ||     4
Armor: Robe              |    36 |    80 |       |       ||   116
       Chain mail        |       |   170 |   637 |   613 ||  1420
Dodge: Dodged            |    70 |   206 |    67 |   130 ||   473
Block: Shield            |       |    60 |   255 |   356 ||   671
